 Dungeon Crawl Stone Soup version 0.25-a0-178-gc9f82b1288 (webtiles) character file.

Game seed: 17889906890742683425, levelgen mode: deterministic

22087 vurker the Zephyrmancer (level 12, -3/72 HPs)
             Began as a Tengu Air Elementalist on Nov 26, 2019.
             Was an Elder of Vehumet.
             Slain by a spiny frog (13 damage)
             ... on level 4 of the Lair of Beasts.
             The game lasted 00:42:29 (20447 turns).

vurker the Zephyrmancer (Tengu Air Elementalist)   Turns: 20447, Time: 00:42:30

Health: -3/72      AC:  9    Str:  8    XL:     12   Next: 96%
Magic:  13/36      EV: 15    Int: 25    God:    Vehumet [****..]
Gold:   621        SH:  8    Dex: 17    Spells: 14/31 levels left

rFire    + . .     SeeInvis .   a - +8 whip "Snakebite" {curare, rPois}
rCold    + . .     Gourm    .   g - +3 warlock's mirror {reflect}
rNeg     . . .     Faith    .   K - +2 robe {rC+ rF+}
rPois    +         Spirit   .   y - +1 hat {Int+3}
rElec    .         Reflect  +   x - +2 cloak {+Inv}
rCorr    .         Harm     .   F - +0 pair of gloves
MR       .....                  (boots unavailable)
Stlth    ++........             (no amulet)
HPRegen  0.22/turn              O - +3 ring of intelligence
MPRegen  0.25/turn              w - ring of magical power

@: about to teleport, flying quickly and evasively, quick
A: beak, talons 3, able to fly
a: Stop Flying, Renounce Religion, Evoke Invisibility


You were on level 4 of the Lair of Beasts.
You worshipped Vehumet.
Vehumet was greatly pleased with you.
You were not hungry.

You visited 3 branches of the dungeon, and saw 16 of its levels.

You collected 1191 gold pieces.
You spent 570 gold pieces at shops.

Inventory:

Hand Weapons
 a - the +8 whip "Snakebite" (weapon) {curare, rPois}
   (You found it on level 1 of the Lair of Beasts)

   It poisons the flesh of those it strikes.
   It protects you from poison.
 b - a +1 dagger of electrocution
   (You found it on level 1 of the Dungeon)
Missiles
 p - 5 throwing nets (quivered)
Armour
 g - the +3 warlock's mirror (worn) {reflect}
   (You acquired it on level 4 of the Lair of Beasts)
 x - a +2 cloak of invisibility (worn)
   (You bought it in a shop on level 5 of the Dungeon)
 y - a +1 hat of intelligence (worn)
   (You found it on level 4 of the Dungeon)
 F - a +0 pair of gloves (worn)
   (You found it on level 7 of the Dungeon)
 K - a +2 robe of resistance (worn)
   (You took it off a gnoll shaman on level 10 of the Dungeon)
 S - the +8 chain mail "Qelosta" {rF+++ Str-3 Int-5 Dex+3}
   (You found it on level 3 of the Lair of Beasts)

   It affects your strength (-3).
   It affects your intelligence (-5).
   It affects your dexterity (+3).
   It renders you almost immune to fire.
Jewellery
 i - an uncursed ring of protection from magic
   (You found it on level 1 of the Dungeon)
 r - an uncursed ring of protection from fire
   (You found it on level 4 of the Dungeon)
 w - a ring of magical power (right hand)
   (You found it on level 4 of the Dungeon)
 G - an uncursed ring of resist corrosion
   (You found it on level 7 of the Dungeon)
 O - a +3 ring of intelligence (left hand)
   (You found it on level 2 of the Lair of Beasts)
Wands
 c - a wand of disintegration (9)
   (You found it on level 9 of the Dungeon)
 d - a wand of iceblast (14)
   (You found it on level 1 of the Lair of Beasts)
 t - a wand of flame (70)
   (You found it on level 5 of the Dungeon)
 v - a wand of digging (9)
   (You found it on level 4 of the Dungeon)
 z - a wand of enslavement (5)
   (You found it on level 5 of the Dungeon)
 D - a wand of polymorph (21)
   (You took it off a gnoll sergeant on level 7 of the Dungeon)
Scrolls
 f - 13 scrolls of teleportation
 h - 2 scrolls of magic mapping
 k - 5 scrolls of fog
 l - 3 scrolls of fear
 m - 5 scrolls of enchant armour
 q - 3 scrolls of immolation
 s - 7 scrolls of remove curse
 B - a scroll of vulnerability {unknown}
 E - 3 scrolls of blinking
 I - a scroll of amnesia
 L - a scroll of noise {unknown}
 P - a scroll of holy word {unknown}
Potions
 j - 2 potions of agility
 n - 2 potions of invisibility
 o - 2 potions of curing
 u - 2 potions of mutation
 A - a potion of haste
 H - a potion of brilliance
 J - 2 potions of cancellation
 M - a potion of heal wounds
 N - 2 potions of might
Comestibles
 e - 16 rations
 C - 3 chunks of flesh


   Skills:
 + Level 7.5 Fighting
 - Level 2.1 Dodging
 - Level 2.0 Stealth
 - Level 4.0 Shields
 * Level 10.1 Spellcasting
 * Level 13.7 Conjurations
 * Level 14.1 Air Magic
 - Level 5.0 Evocations


You had 14 spell levels left.
You knew the following spells:

 Your Spells              Type           Power        Failure   Level  Hunger
a - Shock                 Conj/Air       ####         0%          1    None
b - Static Discharge      Conj/Air       ######..     1%          3    None
c - Airstrike             Air            ######....   1%          4    None
d - Lightning Bolt        Conj/Air       ######....   1%          5    ####...
e - Iskenderun's Mystic   Conj           ######..     1%          4    None

Your spell library contained the following spells:

 Spells                   Type           Power        Failure   Level  Hunger
 Ignite Poison            Fire/Tmut/Pois ##......     4%          3    None
 Flame Tongue             Conj/Fire      #####        1%          1    None
 Swiftness                Chrm/Air       #####...     1%          2    None
 Throw Flame              Conj/Fire      #####.       1%          2    None
 Conjure Flame            Conj/Fire      #####...     1%          3    None
 Sticky Flame             Conj/Fire      #####...     1%          4    None
 Fireball                 Conj/Fire      #####.....   2%          5    ####...
 Corona                   Hex            ##.....      4%          1    None
 Inner Flame              Hex/Fire       ##......     4%          3    None
 Slow                     Hex            ##......     8%          2    None
 Portal Projectile        Hex/Tloc       ##....       14%         3    None
 Cause Fear               Hex            ##........   43%         4    None
 Leda's Liquefaction      Hex/Erth       ##........   43%         4    None


Dungeon Overview and Level Annotations

Branches:
Dungeon (11/15)            Temple (1/1) D:6            Lair (4/6) D:8
 Shoals (0/4) Lair:4       Spider (0/4) Lair:2          Orc (0/2) D:9

Altars:
Ashenzari
Cheibriados
Dithmenos
Elyvilon
Fedhas
Gozag
Hepliaklqana
Makhleb
Qazlal
Sif Muna
Trog
Uskayaw
Vehumet
Wu Jian
Xom
Zin

Shops:
D:5 [*

Annotations:
D:11 Erolcha


Innate Abilities, Weirdness & Mutations

You have a beak for a mouth.
You have claws for feet.
You can fly continuously.


Message History

An ice beast comes into view. x2
Aim: an ice beast (heavily wounded)
The air twists around and strikes the ice beast!
A spiny frog comes into view.
Aim: an ice beast (almost dead)
The air twists around and strikes the ice beast!
You kill the ice beast!
Vehumet accepts your kill.
Vehumet offers you knowledge of Ignite Poison.
You feel your power returning.
The spiny frog gives a loud, deep croak!
The orb of energy explodes!
Aim: an ice beast The orb of energy hits the ice beast!
An ice beast comes into view.
Aim: an ice beast (heavily wounded)
The orb of energy hits the ice beast!!
Aim: an ice beast (heavily wounded)
The air twists around and strikes the ice beast!
You kill the ice beast!
Vehumet accepts your kill.
You feel your power returning. You block the ice beast's attack.
You closely miss the ice beast. You claw the ice beast.
You peck the ice beast, but do no damage.
The ice beast completely misses you.
You hit the ice beast.
You kill the ice beast!
Vehumet accepts your kill.
An ice beast comes into view. x2
You hit the plant but do no damage. The spiny frog stings you!
The spiny frog closely misses you.
You hit the plant.
The plant is poisoned.
You block the spiny frog's attack.
The ice beast hits the plant.
The ice beast freezes the plant!
You hit the plant. The spiny frog stings you!
The ice beast hits the plant but does no damage.
You hit the plant.
The plant looks as sick as possible!
You claw the plant, but do no damage. The spiny frog stings you!
The ice beast hits the plant but does no damage.
The spiny frog stings you but does no damage.
You hit the plant. You claw the plant, but do no damage.
The spiny frog stings you!
* * * LOW HITPOINT WARNING * * *
The ice beast hits the plant but does no damage.
As you read the scroll of teleportation, it crumbles to dust.
You feel strangely unstable. You block the spiny frog's attack.
You hit the spiny frog but do no damage.
The spiny frog is poisoned.
The spiny frog stings you!
* * * LOW HITPOINT WARNING * * *
The spiny frog stings you!
You die...

..
#.♣.♣...♣.♣#.##........#......
#
#....♣.♣.....##............###
...♣.....♣..###........#.>.P#.
##....♣.♣...###................
P....Y#.#..#♣.................
P ....###.Y.♣♣..........#.....
P.... #.♣YP♣.........###....
..... ♣♣♣.FP♣..........#....
Y... ♣P.Y@♣♣.........#.... Y...
♣PP.PPP♣.......^......
♣♣P.PPP♣..............
♣PP.P♣.♣..............
#.♣♣PP♣♣.........####.. ## ♣♣♣♣
###.#P#.## #P# ###### ###


You could see a spiny frog and 3 ice beasts.

Vanquished Creatures
  4 hydras
  Harold (D:9)
  A two-headed ogre (D:8)
  A catoblepas (Lair:3)
  3 merfolk sirens (Lair:4)
  3 black mambas (Lair:1)
  3 komodo dragons
  2 rime drakes (Lair:4)
  7 spiny frogs
  A merfolk (Lair:4)
  A polar bear (Lair:4)
  Grinder (D:3)
  6 hippogriffs
  A spriggan (Lair:4)
  A basilisk (Lair:1)
  2 wraiths
  6 yaks
  A wyvern (Lair:4)
  A human (D:9)
  A hog (D:9)
  2 hungry ghosts
  4 wargs
  3 porcupines
  15 water moccasins
  4 ice beasts
  2 orc warriors
  2 phantoms (D:10)
  A sky beast (D:6)
  3 black bears
  An ogre (D:10)
  3 wolves (Lair:4)
  9 centaurs
  9 crocodiles
  A big kobold (D:10)
  9 bullfrogs
  2 gnoll sergeants
  A scorpion (D:8)
  3 howler monkeys
  A vampire bat (D:5)
  6 crimson imps
  A centaur zombie (D:6)
  2 bullfrog zombies
  3 bullfrog skeletons
  6 hounds
  2 jellies
  5 orc priests
  5 centaur skeletons
  9 orc wizards
  A gnoll shaman (D:10)
  2 iguanas
  6 worker ants
  6 hell rats (Lair:3)
  A hound skeleton (D:6)
  10 gnolls
  18 adders
  4 shadow imps
  3 oozes
  An adder zombie (D:6)
  3 adder skeletons
  2 worms
  3 dart slugs
  3 fire bats (D:5)
  8 leopard geckos
  48 orcs
  2 spectral bats (D:5)
  A ball python (D:8)
  15 bats
  3 bat skeletons (D:5)
  A bat zombie (D:5)
  5 giant cockroaches
  6 goblins
  7 hobgoblins
  7 jackals
  7 quokkas
  A bat simulacrum (D:5)
  5 frilled lizards
  7 kobolds
  A leopard gecko skeleton (D:4)
  2 quokka skeletons
  6 rats
356 creatures vanquished.

Vanquished Creatures (collateral kills)
  A hog (D:9)
1 creature vanquished.

Vanquished Creatures (others)
  A hog (D:9)
  An orc wizard (D:10)
  A fungus (Lair:3)
  2 plants (Lair:3)
  3 toadstools (D:3)
8 creatures vanquished.

Grand Total: 365 creatures vanquished

Notes
Turn   | Place    | Note
-------+----------+-------------------------------------------
     0 | D:1      | vurker the Tengu Air Elementalist began the quest for the
                  | Orb.
     0 | D:1      | Reached XP level 1. HP: 10/10 MP: 4/4
   259 | D:1      | Reached XP level 2. HP: 13/15 MP: 1/6
   553 | D:1      | You fall into a shaft and drop 1 floor!
  1236 | D:2      | Reached XP level 3. HP: 20/20 MP: 3/7
  1500 | D:2      | Learned a level 3 spell: Static Discharge
  1560 | D:2      | Reached XP level 4. HP: 24/24 MP: 3/8
  1794 | D:2      | Reached skill level 1 in Fighting
  1982 | D:2      | Learned a level 4 spell: Airstrike
  1983 | D:3      | Noticed a hungry ghost
  1998 | D:3      | Killed a hungry ghost
  1998 | D:3      | Reached skill level 5 in Air Magic
  1998 | D:3      | Gained mutation: You can fly continuously. [Tengu growth]
  1998 | D:3      | Reached XP level 5. HP: 8/29 MP: 1/10
  2432 | D:3      | Reached XP level 6. HP: 33/35 MP: 4/12
  2546 | D:3      | Noticed Grinder
  2554 | D:3      | Paralysed by Grinder for 2 turns
  2576 | D:3      | Killed Grinder
  2576 | D:3      | Reached skill level 5 in Conjurations
  2576 | D:3      | Reached skill level 6 in Air Magic
  3154 | D:3      | Reached XP level 7. HP: 40/40 MP: 11/13
  3196 | D:3      | Learned a level 5 spell: Lightning Bolt
  4971 | D:5      | Entered Level 5 of the Dungeon
  4971 | D:5      | Found Satu's Armour Boutique.
  4974 | D:5      | Bought a +2 cloak of invisibility for 236 gold pieces
  5111 | D:5      | Reached skill level 7 in Air Magic
  5443 | D:5      | Reached XP level 8. HP: 45/45 MP: 15/15
  5676 | D:5      | Found Irod's Assorted Antiques.
  5684 | D:5      | Bought a glowing buckler for 187 gold pieces
  5684 | D:5      | Bought a scroll labeled YVIBLU UD YPPI for 25 gold pieces
  6199 | D:6      | Reached skill level 1 in Shields
  6276 | D:6      | Reached skill level 5 in Spellcasting
  6425 | D:6      | Found a staircase to the Ecumenical Temple.
  6438 | Temple   | Entered the Ecumenical Temple
  6466 | Temple   | Became a worshipper of Vehumet
  6738 | D:6      | Reached skill level 8 in Air Magic
  7249 | D:6      | Found an ornate altar of the Wu Jian Council.
  7308 | D:6      | Reached XP level 9. HP: 52/52 MP: 18/18
  8122 | D:7      | Found a hide-covered altar of Uskayaw.
  8174 | D:7      | Reached skill level 9 in Air Magic
  8628 | D:7      | Found a shimmering altar of Xom.
  8744 | D:7      | Reached * piety under Vehumet
  8744 | D:7      | Offered knowledge of Sandblast by Vehumet.
  9035 | D:5      | Bought a scroll labeled WEABAROTUEV for 25 gold pieces
  9035 | D:5      | Bought a lumpy grey potion for 22 gold pieces
  9035 | D:5      | Bought 3 scrolls labeled WIH IVUYLY for 75 gold pieces
  9588 | D:8      | Reached skill level 10 in Air Magic
  9612 | D:8      | Found a staircase to the Lair.
  9615 | D:8      | Reached XP level 10. HP: 58/58 MP: 20/20
  9740 | D:8      | Noticed a two-headed ogre
  9787 | D:8      | Killed a two-headed ogre
  9787 | D:8      | Reached skill level 1 in Evocations
  9856 | D:8      | Reached skill level 5 in Fighting
 10551 | D:9      | Reached skill level 10 in Conjurations
 10924 | D:9      | Noticed Harold
 10943 | D:9      | Killed Harold
 10943 | D:9      | Reached skill level 11 in Air Magic
 11143 | D:9      | Found a staircase to the Orcish Mines.
 12137 | D:10     | Entered Level 10 of the Dungeon
 12165 | D:10     | Reached XP level 11. HP: 54/64 MP: 19/23
 12254 | D:10     | Reached ** piety under Vehumet
 12354 | D:10     | Offered knowledge of Sting by Vehumet.
 13645 | D:11     | Noticed a six-headed hydra
 13652 | D:11     | Killed a six-headed hydra
 13652 | D:11     | Reached skill level 12 in Air Magic
 13814 | D:11     | Offered knowledge of Mephitic Cloud by Vehumet.
 13828 | D:11     | Noticed Erolcha
 13831 | D:11     | Noticed a catoblepas
 13914 | Lair:1   | Entered Level 1 of the Lair of Beasts
 14314 | Lair:1   | Reached *** piety under Vehumet
 14559 | Lair:1   | Noticed a four-headed hydra
 14754 | Lair:1   | Killed a four-headed hydra
 15186 | Lair:1   | Reached XP level 12. HP: 71/71 MP: 19/26
 15825 | Lair:1   | Reached skill level 13 in Air Magic
 15956 | Lair:1   | Offered knowledge of Iskenderun's Mystic Blast by Vehumet.
 16254 | Lair:1   | Found the +8 whip "Snakebite" {curare, rPois}
 16520 | Lair:2   | Found a hole to the Spider Nest.
 16526 | Lair:2   | Learned a level 4 spell: Iskenderun's Mystic Blast
 16650 | Lair:2   | Noticed a five-headed hydra
 16657 | Lair:2   | Killed a five-headed hydra
 17352 | Lair:2   | Reached skill level 5 in Evocations
 17583 | Lair:3   | Got a dazzling chain mail
 17595 | Lair:3   | Identified the +8 chain mail "Qelosta" {rF+++ Str-3 Int-5
                  | Dex+3} (You found it on level 3 of the Lair of Beasts)
 17869 | Lair:3   | Noticed a six-headed hydra
 17888 | Lair:3   | Killed a six-headed hydra
 18149 | Lair:3   | Noticed a catoblepas
 18164 | Lair:3   | Killed a catoblepas
 19473 | Lair:4   | Reached skill level 10 in Spellcasting
 19650 | Lair:4   | Found a staircase to the Shoals.
 19682 | Lair:4   | Identified a scroll of acquirement
 19687 | Lair:4   | Found the +3 warlock's mirror {reflect}
 19818 | Lair:4   | Reached skill level 14 in Air Magic
 19946 | Lair:4   | Reached **** piety under Vehumet
 20428 | Lair:4   | Offered knowledge of Ignite Poison by Vehumet.
 20447 | Lair:4   | Slain by a spiny frog

Levels and vault maps discovered:
D:1:      saegor_arrival_simple_a, layout_basic
D:2:      layout_rooms, first_ration
D:3:      layout_loops_corners, serial_forest, infiniplex_forest_corner_1,
          infiniplex_forest_straight_3, infiniplex_forest_straight_2,
          infiniplex_forest_straight_1, infiniplex_forest_end_2,
          infiniplex_forest_clump_tiny, minmay_gold_behind_fungi,
          minmay_joined_circles, uniq_grinder
D:4:      layout_cave_pods, minmay_diced_spiral
D:5:      layout_gridville, serial_shops, shop_fountains, shop_statue,
          goddamned_bats
D:6:      layout_cave_pools, marbit_many_paths, temple_statues,
          serial_column_ruins, column_ruins_pillar_2, column_ruins_pillar_9,
          column_ruins_pillar_1, column_ruins_pillar_1, column_ruins_pillar_4,
          column_ruins_pillar_1, column_ruins_pillar_4, column_ruins_pillar_4,
          column_ruins_pillar_4, column_ruins_pillar_6, column_ruins_pillar_6,
          column_ruins_pillar_1, column_ruins_pillar_8, column_ruins_pillar_1,
          column_ruins_pillar_11, column_ruins_pillar_2, column_ruins_pillar_6
D:7:      layout_loops_ring, basic_altar, lemuel_centaur_altar
D:8:      layout_loops_ring, erik_lair_orcish_takeover
D:9:      layout_roguey, minmay_orc_entry_guard_dogs, grunt_livestock,
          uniq_harold
D:10:     kennysheep_ambush_hall, layout_irregular_city, minivault_25_ag
D:11:     layout_rooms, ebering_ghost_rock_garden, kennysheep_boxes,
          uniq_erolcha
Temple:   grunt_wide_crystal_templ
Lair:1:   minmay_guarded_unrand_snakebite, layout_regular_city, st_stairs_9,
          grunt_megastairs_3
Lair:2:   layout_misc_corridors, spider_nest_entry_web_field,
          serial_bayou_shore_a, grunt_megastairs_1
Lair:3:   layout_regular_city, chequers_serial_rivers_small_3, minivault_11
Lair:4:   layout_gridlike, elwin_shoals_entry_stream, serial_forest,
          infiniplex_forest_pool, infiniplex_forest_lined_2,
          infiniplex_forest_straight_4, infiniplex_forest_lined_1,
          infiniplex_forest_lined_ring, infiniplex_forest_end_2,
          infiniplex_forest_clump_medium, portal_ice_cave_entry_ice_beasts,
          forest_entry_grove

Skill      XL: |  1  2  3  4  5  6  7  8  9 10 11 12 |
---------------+-------------------------------------+-----
Conjurations   | 2 3 4 5 6 7 9 10 12 13 | 13.7
Fighting       | 1 2 3 4 5 6 7 |  7.5
Spellcasting   | 3 4 5 6 7 9 10 | 10.1
Air Magic      | 5 6 7 8 10 11 12 14 | 14.1
Shields        | 2 4 |  4.0
Evocations     | 2 4 5 |  5.0
Dodging        | |  2.1
Stealth        | |  2.0

Action                   |  1- 3 |  4- 6 |  7- 9 | 10-12 || total
-------------------------+-------+-------+-------+-------++-------
Melee: Unarmed           |     6 |       |       |       ||     6
       Short sword       |     8 |       |       |       ||     8
       Dagger            |     6 |    11 |    11 |     8 ||    36
       Kick              |     1 |     2 |     2 |    11 ||    16
       Peck              |       |     2 |     3 |    10 ||    15
       Whip              |       |       |       |    31 ||    31
Throw: Throwing net      |       |       |       |     1 ||     1
 Cast: Shock             |    51 |    70 |   385 |   460 ||   966
       Airstrike         |       |       |    33 |   174 ||   207
       Lightning Bolt    |       |       |       |    24 ||    24
       Iskenderun's Myst |       |       |       |     8 ||     8
 Abil: Fly               |       |       |     1 |       ||     1
Evoke: Wand              |       |       |       |     7 ||     7
  Use: Potion            |       |     2 |       |     3 ||     5
       Scroll            |       |       |     9 |    13 ||    22
 Stab: Sleeping          |     1 |       |       |       ||     1
  Eat: Ration            |     1 |     2 |       |     4 ||     7
       Chunk             |       |     4 |    23 |    31 ||    58
Armor: Robe              |     6 |     4 |    34 |    61 ||   105
Dodge: Dodged            |    12 |    17 |    96 |   186 ||   311
Block: Buckler           |       |       |    13 |    68 ||    81

Table legend:
 A = Non-vault XP
 B = Vault XP
 C = Vault XP percentage of total XP
 D = Non-vault monster count
 E = Vault monster count
 F = Vault count percentage of total count
                 A         B        C        D         E       F
            +---------+---------+-------+---------+---------+-------
      Total |   21112 |   10442 |  33.1 |     264 |      95 |  26.5
            +---------+---------+-------+---------+---------+-------
        D:1 |      29 |       0 |   0.0 |      15 |       0 |   0.0
        D:2 |      82 |       0 |   0.0 |      23 |       0 |   0.0
        D:3 |     318 |     296 |  48.2 |      25 |      11 |  30.6
        D:4 |     162 |       3 |   1.8 |      15 |       3 |  16.7
        D:5 |     423 |     174 |  29.1 |      16 |      20 |  55.6
        D:6 |     804 |     136 |  14.5 |      27 |       1 |   3.6
        D:7 |    1118 |     628 |  36.0 |      18 |       5 |  21.7
        D:8 |    1430 |     462 |  24.4 |      26 |       8 |  23.5
        D:9 |     887 |    2095 |  70.3 |      13 |       8 |  38.1
       D:10 |    2126 |     527 |  19.9 |      37 |       8 |  17.8
       D:11 |    1253 |       0 |   0.0 |       4 |       0 |   0.0
     Lair:1 |    5641 |    2712 |  32.5 |      19 |      15 |  44.1
     Lair:2 |    2134 |     245 |  10.3 |       6 |       2 |  25.0
     Lair:3 |    2568 |       0 |   0.0 |      12 |       0 |   0.0
     Lair:4 |    2137 |    3164 |  59.7 |       8 |      14 |  63.6
            +---------+---------+-------+---------+---------+-------
